 Dungeon Crawl Stone Soup version 0.26-a0-812-g31a745ddcd (webtiles) character file.

Game seed: 10563332488089635373

94318 Apogee the Unseen (level 16, 0/101 HPs)
             Began as a Kobold Hunter on Dec 3, 2020.
             Was the Champion of Okawaru.
             Splashed by an acid blob's acid (13 damage)
             ... on level 6 of the Lair of Beasts.
             The game lasted 01:06:42 (32477 turns).

Apogee the Unseen (Kobold Hunter)                  Turns: 32477, Time: 01:06:42

Health: 0/101      AC: -2    Str: 10    XL:     16   Next: 59%
Magic:  0/28       EV: 24    Int: 21    God:    Okawaru [******]
Gold:   1730       SH:  9    Dex: 19    Spells: 19/31 levels left

rFire    . . .     SeeInvis +   a - +2 hand crossbow (flame)
rCold    . . .     Faith    .   I - +2 buckler
rNeg     + . .     Spirit   +   f - +0 troll leather armour
rPois    .         Reflect  .   (no helmet)
rElec    .         Harm     .   Y - +2 cloak {Stlth+}
rCorr    .         Rampage  .   c - +0 pair of gloves
MR       +....                  M - +0 pair of boots {run}
Stlth    ++++++++..             B - amulet of guardian spirit
HPRegen  0.66/turn              q - ring of Equivalence {Int+6 Slay+3 SInv}
MPRegen  0.21/turn              W - ring of positive energy

@: corroded, quick
A: small, icy blue scales 1, nightstalker 3, shaggy fur 1, wild magic 1,
MP-powered wands
a: Heroism, Finesse, Renounce Religion


You were on level 6 of the Lair of Beasts.
You worshipped Okawaru.
Okawaru was exalted by your worship.
You visited 4 branches of the dungeon, and saw 24 of its levels.

You collected 3559 gold pieces.
You spent 1829 gold pieces at shops.

Inventory:

Hand Weapons
 a - a +2 hand crossbow of flaming (weapon)
   (You acquired it on level 11 of the Dungeon)
 b - a +4 dagger of electrocution
   (You took it off a kobold on level 13 of the Dungeon)
Missiles
 V - 290 bolts (quivered)
Armour
 c - a +0 pair of gloves (worn)
   (You found it on level 12 of the Dungeon)
 f - a +0 troll leather armour (worn)
   (You found it on level 12 of the Dungeon)
 y - a scarf of resistance
   (You found it on level 6 of the Dungeon)
 I - a +2 buckler (worn)
   (You found it on level 11 of the Dungeon)
 M - a +0 pair of boots of running (worn)
   (You acquired it on level 11 of the Dungeon)
 Y - a +2 cloak of stealth (worn)
   (Okawaru gifted it to you on level 3 of the Lair of Beasts)
Jewellery
 e - an uncursed amulet of regeneration
   (You found it on level 5 of the Lair of Beasts)
 i - an uncursed ring of protection from fire
   (You found it on level 1 of the Lair of Beasts)
 q - the ring of Equivalence (left hand) {Int+6 Slay+3 SInv}
   (You bought it in a shop on level 10 of the Dungeon)

   [ring of intelligence]

   It affects your intelligence (+6).
   It affects your accuracy and damage with ranged weapons and melee attacks
   (+3).
   It lets you see invisible.
 A - a +4 ring of slaying
   (You found it on level 6 of the Dungeon)
 B - an amulet of guardian spirit (around neck)
   (You found it on level 7 of the Dungeon)
 K - an uncursed ring of wizardry
   (You found it on level 10 of the Dungeon)
 P - an uncursed ring of stealth
   (You found it on level 12 of the Dungeon)
 R - an uncursed ring of poison resistance
   (You took it off a centaur warrior on level 14 of the Dungeon)
 W - a ring of positive energy (right hand)
   (You found it on level 3 of the Lair of Beasts)
Wands
 d - a wand of iceblast (26)
   (You found it on level 1 of the Lair of Beasts)
 t - a wand of flame (31)
   (You found it on level 12 of the Dungeon)
 v - a wand of digging (6)
   (You took it off Grinder on level 5 of the Dungeon)
 E - a wand of polymorph (8)
   (You took it off Psyche on level 8 of the Dungeon)
 N - a wand of enslavement (28)
   (You found it on level 11 of the Dungeon)
Scrolls
 h - 5 scrolls of enchant weapon
 m - 4 scrolls of enchant armour
 o - 3 scrolls of fog
 p - 2 scrolls of fear
 r - 2 scrolls of blinking
 s - 6 scrolls of amnesia
 u - 5 scrolls of identify {@r1}
 w - 5 scrolls of magic mapping
 x - 2 scrolls of torment {!r}
 D - 18 scrolls of remove curse {@r2}
 F - 4 scrolls of teleportation {@r4}
 J - 2 scrolls of immolation {!r}
 T - a scroll of silence
 X - a scroll of brand weapon {unknown}
Potions
 g - 8 potions of attraction {!q}
 j - 5 potions of curing {@q1}
 k - 5 potions of brilliance
 l - a potion of might
 n - 3 potions of lignification {unknown}
 z - a potion of cancellation
 C - 2 potions of haste {unknown}
 L - 2 potions of ambrosia
 O - 5 potions of flight
 U - a potion of magic
 Z - a potion of invisibility
Miscellaneous
 H - a phantom mirror
   (You found it on level 9 of the Dungeon)
 S - a condenser vane
   (You found it on level 5 of the Lair of Beasts)


   Skills:
 - Level 12.0 Fighting
 - Level 10.0 Short Blades
 - Level 10.0 Crossbows
 - Level 4.0 Armour
 - Level 12.0 Dodging
 + Level 18.7 Stealth
 - Level 5.6 Shields
 - Level 8.0 Spellcasting
 + Level 9.2 Hexes
 - Level 4.0 Translocations
 - Level 8.7 Invocations


You had 19 spell levels left.
You knew the following spells:

 Your Spells              Type           Power        Failure   Level
a - Confusing Touch       Hex            ######..     1%          3
b - Blink                 Tloc           N/A          5%          2
c - Apportation           Tloc           ####..       3%          1
d - Portal Projectile     Hex/Tloc       #####.       3%          3
e - Dazzling Flash        Conj/Hex       #####.       8%          3

Your spell library contained the following spells:

 Spells                   Type           Power        Failure   Level
 Corona                   Hex            ######.      1%          1
 Slow                     Hex            ######..     1%          2
 Tukima's Dance           Hex            ######..     1%          3
 Cause Fear               Hex            ######....   4%          4
 Inner Flame              Hex/Fire       #####...     8%          3
 Gell's Gravitas          Tloc           ####......   10%         3
 Lesser Beckoning         Tloc           ####......   10%         3
 Teleport Other           Tloc           ####....     10%         3
 Foxfire                  Conj/Fire      ##..         16%         1
 Magic Dart               Conj           ##..         16%         1
 Sandblast                Erth           ##....       16%         1
 Summon Small Mammal      Summ           ##..         16%         1
 Call Imp                 Summ           ##......     22%         2
 Corpse Rot               Necr/Air       N/A          22%         2
 Passwall                 Tmut/Erth      ##......     22%         2
 Searing Ray              Conj           ##....       22%         2
 Sublimation of Blood     Necr           ##........   22%         2
 Fulminant Prism          Conj/Hex       #####.....   22%         4
 Leda's Liquefaction      Hex/Erth       #####.....   22%         4
 Passage of Golubria      Tloc           N/A          28%         4
 Call Canine Familiar     Summ           ##......     38%         3
 Conjure Flame            Conj/Fire      ##......     38%         3
 Mephitic Cloud           Conj/Pois/Air  ##......     38%         3
 Stone Arrow              Conj/Erth      ##....       38%         3
 Invisibility             Hex            ######..     43%         6
 Iskenderun's Mystic Bla  Conj/Tloc      ###.....     50%         4
 Metabolic Englaciation   Hex/Ice        #####.....   50%         5
 Yara's Violent Unravell  Hex/Tmut       #####.....   50%         5
 Dispel Undead            Necr           ##......     78%         4
 Petrify                  Tmut/Erth      ##......     78%         4
 Sticky Flame             Conj/Fire      ##......     78%         4
 Agony                    Necr           ##......     98%         5
 Alistair's Intoxication  Tmut/Pois      ##.......    98%         5
 Excruciating Wounds      Necr           ##........   98%         5
 Fireball                 Conj/Fire      ##........   98%         5
 Lee's Rapid Deconstruct  Erth           ##........   98%         5
 Statue Form              Tmut/Erth      ##.......    100%        6


Dungeon Overview and Level Annotations

Branches:
Dungeon (15/15)            Temple (1/1) D:5            Lair (6/6) D:11
  Swamp (0/4) Lair:2       Shoals (0/4) Lair:3        Slime (0/5) Lair:6
    Orc (2/2) D:11            Elf (0/3) Orc:2        Vaults (0/5) D:14
 Depths (0/5) D:15

Altars:
Ashenzari
Cheibriados
Dithmenos
Elyvilon
Fedhas
Gozag
Hepliaklqana
Kikubaaqudgha
Makhleb
Nemelex Xobeh
Okawaru
Qazlal
Ru
Sif Muna
Uskayaw
Vehumet
Wu Jian
Xom
Yredelemnul
Zin
The Shining One
Beogh
Jiyva

Shops:
D:6 (   D:9 !   D:10 !=   Orc:2 !(:(

Annotations:
D:3 2 transporters, kae's ghost, amateur DDFi
D:6 2 transporters, Blackmass's ghost, novice OpEE
D:7 loralnil's ghost, novice GnTm
D:14 Frances
Lair:1 exclusion: oklob plant
Lair:3 1 runed translucent door, Dygurodad's ghost, journeyman DsBr
Lair:5 3 runed translucent doors, Seod's ghost, journeyman FoAK


Innate Abilities, Weirdness & Mutations

You are small and have problems with some larger weapons.
You are completely attuned to the shadows.
You are partially covered in icy blue scales. (AC +2)
You are covered in fur. (AC +1)
Your spells are a little harder to cast, but a little more powerful.
You expend magic power (3 MP) to strengthen your wands.


Message History

No target in view!
There is an open door here.
You enter the shallow water.
Moving in this stuff is going to be slow.
You open the door.
There is an open door here.
The acid blob quivers.
No reachable target in view!
No reachable target in view!
No reachable target in view!
You open the door. The acid blob spits acid at you.
The splash of acid misses you.
You shoot a bolt. The bolt hits the acid blob.
The bolt burns the acid blob.
You shoot a bolt.
The bolt hits the acid blob but does no damage.
The acid blob misses you.
You shoot a bolt. The bolt hits the acid blob!
The bolt burns the acid blob.
The acid blob hits you!!
You are splashed with acid!
You shoot a bolt.
The bolt completely misses the acid blob.
The acid blob hits you. The acid corrodes you!
You are splashed with acid.
The acid blob misses you. x2
The acid blob spits acid at you. The splash of acid hits you!
The acid corrodes you!
You are splashed with acid!
* * * LOW HITPOINT WARNING * * *
The acid blob spits acid at you. The splash of acid hits you!
* * * LOW HITPOINT WARNING * * *
You are splashed with acid!
* * * LOW HITPOINT WARNING * * *
The acid blob spits acid at you. The splash of acid misses you.
You feel much better. The acid blob spits acid at you.
The splash of acid hits you!
* * * LOW HITPOINT WARNING * * *
The acid corrodes you!
You are splashed with acid!
* * * LOW HITPOINT WARNING * * *
Okay, then.
The acid blob spits acid at you. The splash of acid hits you!
* * * LOW HITPOINT WARNING * * *
You are splashed with acid!
* * * LOW HITPOINT WARNING * * *
The acid blob spits acid at you. The splash of acid hits you!
* * * LOW HITPOINT WARNING * * *
The acid corrodes you!
You are splashed with acid!
You die...

##.....#.....#≈≈≈≈#.....(..#
.##..........'≈≈≈≈'.....(.##
..##.........#≈≈≈≈#.......#
...##........#≈≈≈≈#......##
....##.......#######.##...#
....##..........#.#####..P##
..P............#...J#......#
...................J.....###
...............#@..###...#
....†.......<...#######..#
................##..##P..#
.........................#
........<................##
.....).#.#.#.#.#.#.......P#
...................(.....###
...#.#.#<#.#.#.#.#.........#
..#.#....................###


You could see 2 acid blobs.

Vanquished Creatures
  2 entropy weavers
  A dire elephant (D:15)
  A rakshasa (D:15)
  3 boulder beetles
  4 vault guards
  9 hydras
  4 two-headed ogres
  4 centaur warriors
  A catoblepas (D:14)
  A tengu warrior (D:12)
  A queen ant (D:12)
  An orc high priest (Orc:1)
  A deep elf knight (D:14)
  3 skeletal warriors (D:15)
  3 unseen horrors
  2 deep elf magi (D:14)
  An oklob plant (Lair:5)
  A wolf spider (Lair:6)
  7 orc sorcerers (Orc:2)
  6 ugly things
  7 cyclopes
  3 manticores
  A salamander (D:15)
  9 black mambas
  4 elephants (Lair:4)
  A guardian serpent (Lair:6)
  Joseph (Lair:1)
  Psyche (D:8)
  22 cane toads
  3 gargoyles
  A torpor snail (Lair:3)
  4 rime drakes
  10 komodo dragons
  2 tengu conjurers (D:15)
  9 trolls
  3 meliai (D:15)
  3 hornets (Lair:6)
  Grinder (D:5)
  8 slime creatures (D:15)
  4 polar bears
  A harpy skeleton (D:15)
  8 blink frogs
  6 dream sheep (Lair:5)
  Prince Ribbit (Lair:3)
  A snapping turtle (Lair:3)
  59 yaks
  2 shadows
  A redback (Lair:6)
  A vampire (D:8)
  4 wraiths
  2 basilisks
  2 water elementals (D:14)
  10 wyverns
  A steam dragon (D:11)
  Eustachio (D:6)
  4 vampire mosquitoes (D:15)
  9 wargs
  An acid dragon (D:8)
  26 water moccasins
  18 soldier ants (D:13)
  2 black bears
  4 sky beasts
  2 necrophages
  11 orc warriors
  4 boggarts (Lair:4)
  4 ice beasts
  An eye of draining (D:14)
  4 phantoms
  11 ogres
  10 centaurs
  22 wolves
  4 big kobolds
  20 bullfrogs
  2 wyvern zombies
  A wyvern skeleton (D:10)
  4 scorpions
  15 killer bees
  A troll zombie (D:11)
  17 wights
  2 vampire bats (D:8)
  5 centaur zombies
  A bullfrog zombie (D:5)
  5 hounds
  6 jellies
  A quasit (D:14)
  13 orc priests
  2 bullfrog skeletons
  32 orc wizards
  5 iguanas
  27 worker ants
  14 hell rats (Lair:5)
  A killer bee zombie (D:8)
  5 ogre zombies (D:11)
  3 hound skeletons
  A mummy (D:6)
  A worker ant zombie (D:11)
  21 gnolls
  9 adders
  A shadow imp (D:8)
  A white imp (D:8)
  3 ufetubi
  A worm (D:3)
  4 dart slugs
  7 leopard geckos
  73 orcs
  12 bats
  7 giant cockroaches
  9 goblins
  5 hobgoblins
  8 jackals
  21 kobolds
  A quokka (D:3)
  A ball python (D:5)
  3 frilled lizards
  2 goblin zombies (D:11)
  3 hobgoblin skeletons (D:11)
  6 hobgoblin zombies
  3 kobold zombies (D:6)
  A leopard gecko skeleton (D:4)
  3 orc skeletons (D:11)
  6 orc zombies (D:11)
  A quokka skeleton (D:8)
  9 rats
795 creatures vanquished.

Vanquished Creatures (collateral kills)
  An orc warrior (Orc:2)
1 creature vanquished.

Vanquished Creatures (others)
  52 fungi
  68 plants
120 creatures vanquished.

Grand Total: 916 creatures vanquished

Notes
Turn   | Place    | Note
-------+----------+-------------------------------------------
     0 | D:1      | Apogee the Kobold Hunter began the quest for the Orb.
     0 | D:1      | Reached XP level 1. HP: 12/12 MP: 1/1
   256 | D:1      | Reached skill level 1 in Short Blades
   256 | D:1      | Reached skill level 2 in Stealth
   256 | D:1      | Reached XP level 2. HP: 4/18 MP: 2/2
   535 | D:1      | Reached XP level 3. HP: 15/22 MP: 3/3
  1142 | D:2      | Reached XP level 4. HP: 16/27 MP: 4/4
  1866 | D:2      | Reached skill level 3 in Stealth
  2026 | D:2      | Found a sparkling altar of Nemelex Xobeh.
  2131 | D:3      | Gained mutation: You are covered in fur. (AC +1) [potion of
                  | mutation]
  2131 | D:3      | Gained mutation: You expend magic power (3 MP) to
                  | strengthen your wands. [potion of mutation]
  2131 | D:3      | Gained mutation: Your spells are a little harder to cast,
                  | but a little more powerful. [potion of mutation]
  2131 | D:3      | Gained mutation: You are partially covered in icy blue
                  | scales. (AC +2) [potion of mutation]
  2409 | D:3      | Reached XP level 5. HP: 32/32 MP: 5/5
  2610 | D:3      | Found a transporter.
  3105 | D:3      | Found a transporter.
  3214 | D:3      | Reached XP level 6. HP: 18/37 MP: 6/6
  3576 | D:3      | Noticed kae's ghost (amateur DDFi)
  3914 | D:3      | Reached skill level 4 in Stealth
  4323 | D:4      | Found a basalt altar of Yredelemnul.
  4425 | D:4      | Noticed an ogre
  4434 | D:4      | Killed an ogre
  4434 | D:4      | Reached skill level 5 in Stealth
  4434 | D:4      | Reached XP level 7. HP: 21/43 MP: 7/7
  4529 | D:4      | Reached skill level 6 in Stealth
  4537 | D:4      | Found a radiant altar of Vehumet.
  4835 | D:4      | Reached skill level 5 in Short Blades
  4947 | D:4      | Reached skill level 7 in Stealth
  5222 | D:4      | Reached XP level 8. HP: 46/48 MP: 8/8
  5262 | D:5      | Entered Level 5 of the Dungeon
  5345 | D:5      | Found a staircase to the Ecumenical Temple.
  5351 | Temple   | Entered the Ecumenical Temple
  5521 | Temple   | Became a worshipper of Warmaster Okawaru
  5594 | D:5      | Noticed Grinder
  5724 | D:5      | Paralysed by Grinder for 5 turns
  5733 | D:5      | Killed Grinder
  5733 | D:5      | Reached skill level 8 in Stealth
  5899 | D:5      | Reached skill level 5 in Crossbows
  5952 | D:5      | Reached * piety under Okawaru
  6023 | D:5      | Found a glowing golden altar of the Shining One.
  6567 | D:6      | Reached skill level 1 in Invocations
  6573 | D:6      | Noticed Eustachio
  6605 | D:6      | Found Zuv Wuo's Weapon Shoppe.
  6686 | D:6      | Found a transporter.
  6822 | D:6      | Noticed a yak
  6936 | D:6      | Noticed a yak
  6936 | D:6      | Noticed a yak
  6940 | D:6      | Noticed a yak
  6978 | D:6      | Killed a yak
  6978 | D:6      | Reached XP level 9. HP: 32/52 MP: 8/10
  7021 | D:6      | Reached skill level 9 in Stealth
  7094 | D:6      | Reached ** piety under Okawaru
  7166 | D:6      | Killed Eustachio
  7166 | D:6      | Reached skill level 10 in Stealth
  7448 | D:6      | Found a transporter.
  7450 | D:6      | Noticed Blackmass's ghost (novice OpEE)
  7753 | D:6      | Found an opulent altar of Gozag.
  7890 | D:7      | Reached skill level 5 in Dodging
  7890 | D:7      | Reached XP level 10. HP: 58/58 MP: 13/13
  7928 | D:7      | Reached *** piety under Okawaru
  7928 | D:7      | Reached skill level 11 in Stealth
  8086 | D:7      | Reached skill level 5 in Fighting
  8637 | D:8      | Noticed Psyche
  8641 | D:8      | Killed Psyche
  8692 | D:8      | Found a runed translucent gate.
  8692 | D:8      | Found a runed translucent gate.
  8695 | D:8      | Found a runed translucent gate.
  8696 | D:8      | Noticed loralnil's ghost (novice GnTm)
  9097 | D:8      | Noticed a two-headed ogre
  9100 | D:8      | Killed a two-headed ogre
  9100 | D:8      | Reached **** piety under Okawaru
  9100 | D:8      | Reached skill level 12 in Stealth
  9341 | D:8      | Found a large runed translucent door.
  9342 | D:8      | Found a large runed translucent door.
  9840 | D:8      | Found an ornate altar of the Wu Jian Council.
  9840 | D:8      | Noticed a boulder beetle
  9853 | D:8      | Killed a boulder beetle
  9853 | D:8      | Received a gift from Okawaru
  9853 | D:8      | Reached XP level 11. HP: 46/68 MP: 9/14
  9968 | D:8      | Found a shadowy altar of Dithmenos.
  9968 | D:8      | Noticed a manticore
  9974 | D:8      | Killed a manticore
 10612 | D:9      | Found Ucoabbea's Distillery.
 10621 | D:9      | Bought a potion of flight for 45 gold pieces
 10621 | D:9      | Bought a potion of heal wounds for 75 gold pieces
 10621 | D:9      | Bought a potion of brilliance for 60 gold pieces
 10959 | D:9      | Noticed a cyclops
 10966 | D:9      | Killed a cyclops
 10966 | D:9      | Reached skill level 13 in Stealth
 11894 | D:10     | Entered Level 10 of the Dungeon
 11912 | D:10     | Received a gift from Okawaru
 11945 | D:10     | Identified the +5 rapier "Jiudutof" {elec, rElec rC++
                  | Stlth-}
 12121 | D:10     | Found Qypsie's Jewellery Emporium.
 12269 | D:10     | Noticed a purple ugly thing
 12278 | D:10     | Killed a purple ugly thing
 12278 | D:10     | Reached ***** piety under Okawaru
 12779 | D:10     | Received a gift from Okawaru
 12779 | D:10     | Reached skill level 14 in Stealth
 13120 | D:10     | Found Vetud's Distillery.
 13301 | D:11     | Noticed a five-headed hydra
 13546 | D:11     | Noticed a two-headed ogre
 13673 | D:11     | Killed a two-headed ogre
 13673 | D:11     | Received a gift from Okawaru
 13673 | D:11     | Reached skill level 10 in Crossbows
 13678 | D:11     | Learned a level 3 spell: Confusing Touch
 13743 | D:11     | Found a staircase to the Orcish Mines.
 13974 | D:11     | Reached skill level 1 in Spellcasting
 14020 | D:11     | Reached skill level 1 in Hexes
 14287 | D:11     | Killed a five-headed hydra
 14287 | D:11     | Received a gift from Okawaru
 14287 | D:11     | Reached skill level 1 in Shields
 14809 | D:11     | Found Umiu's Armour Shoppe.
 14821 | D:11     | Found a staircase to the Lair.
 14919 | D:11     | Killed an unseen horror
 14919 | D:11     | Received a gift from Okawaru
 14919 | D:11     | Reached XP level 12. HP: 58/73 MP: 0/15
 15285 | D:11     | Identified 3 scrolls of acquirement
 15286 | D:11     | Acquired a +2 hand crossbow of flaming
 15287 | D:11     | Acquired a +0 pair of boots of running
 15288 | D:11     | Acquired 754 gold pieces
 15607 | D:11     | You fall into a shaft and drop 1 floor!
 15814 | D:12     | Received a gift from Okawaru
 15996 | D:12     | Noticed a five-headed hydra
 15998 | D:12     | Killed a five-headed hydra
 15998 | D:12     | Reached skill level 15 in Stealth
 16078 | D:12     | Received a gift from Okawaru
 16177 | D:12     | Noticed a tengu warrior
 16377 | D:10     | Bought the ring of Equivalence {Int+6 Slay+3 SInv} for 1316
                  | gold pieces
 17352 | D:13     | Noticed a two-headed ogre
 17357 | D:13     | Killed a two-headed ogre
 17413 | D:13     | Received a gift from Okawaru
 17466 | D:13     | Noticed a centaur warrior
 17474 | D:13     | Killed a centaur warrior
 17474 | D:13     | Reached skill level 5 in Shields
 17494 | D:13     | Noticed a boulder beetle
 17514 | D:13     | Killed a boulder beetle
 17514 | D:13     | Received a gift from Okawaru
 17554 | D:13     | Reached skill level 1 in Armour
 17554 | D:13     | Reached skill level 5 in Invocations
 17620 | D:13     | Noticed a centaur warrior
 17632 | D:13     | Killed a centaur warrior
 17644 | D:13     | Reached ****** piety under Okawaru
 17820 | D:13     | Reached skill level 5 in Hexes
 17827 | D:13     | Reached XP level 13. HP: 77/78 MP: 16/19
 18070 | D:13     | Noticed an entropy weaver
 18074 | D:13     | Noticed an entropy weaver
 18833 | D:12     | Killed an entropy weaver
 18833 | D:12     | Received a gift from Okawaru
 19314 | D:13     | Killed an entropy weaver
 19314 | D:13     | Reached skill level 5 in Spellcasting
 19519 | D:14     | Noticed a vault guard
 19523 | D:14     | Noticed a vault guard
 19524 | D:14     | Noticed a vault guard
 19543 | D:14     | Killed a vault guard
 19550 | D:14     | Noticed a vault guard
 19561 | D:13     | Killed a vault guard
 19660 | D:13     | Killed a vault guard
 19668 | D:13     | Killed a vault guard
 19798 | D:14     | Noticed a centaur warrior
 19805 | D:14     | Killed a centaur warrior
 19902 | D:14     | Found a gate to the Vaults.
 20154 | D:14     | Noticed a boulder beetle
 20232 | D:14     | Reached skill level 16 in Stealth
 20333 | D:14     | Killed a boulder beetle
 20333 | D:14     | Reached XP level 14. HP: 41/86 MP: 11/23
 20493 | D:14     | Received a gift from Okawaru
 20493 | D:14     | Reached skill level 10 in Fighting
 20494 | D:14     | Got a shadowed robe {god gift}
 20505 | D:14     | Identified the +1 robe of Ijytt {rPois} (Okawaru gifted it
                  | to you on level 14 of the Dungeon)
 21046 | D:14     | Noticed Frances
 21349 | D:14     | Reached skill level 17 in Stealth
 21471 | D:15     | Entered Level 15 of the Dungeon
 21607 | Lair:1   | Entered Level 1 of the Lair of Beasts
 21733 | Lair:1   | Noticed Joseph
 21743 | Lair:1   | Killed Joseph
 22809 | Lair:2   | Found a staircase to the Swamp.
 23483 | Lair:3   | Received a gift from Okawaru
 23538 | Lair:3   | Reached skill level 18 in Stealth
 23610 | Lair:3   | Noticed Prince Ribbit
 23635 | Lair:3   | Killed Prince Ribbit
 23939 | Lair:3   | Found a staircase to the Shoals.
 23975 | Lair:3   | Received a gift from Okawaru
 24152 | Lair:3   | Found a runed translucent door.
 24153 | Lair:3   | Identified the +3 trident of the Extremely Mad {drain, +Inv
                  | MR++}
 24157 | Lair:3   | Noticed Dygurodad's ghost (journeyman DsBr)
 24715 | Lair:4   | Reached XP level 15. HP: 85/96 MP: 20/24
 25446 | Lair:4   | Identified Xaviroch's Tome of the Ashen Escort
 25984 | Lair:5   | Found a shimmering altar of Xom.
 26105 | Lair:5   | Reached skill level 10 in Short Blades
 26128 | Lair:5   | Noticed Seod's ghost (journeyman FoAK)
 26129 | Lair:5   | Found a runed translucent gate.
 26135 | Lair:5   | Found a runed translucent gate.
 26170 | Lair:5   | Found a runed translucent gate.
 26331 | Lair:5   | Learned a level 1 spell: Apportation
 26937 | Orc:1    | Entered Level 1 of the Orcish Mines
 27020 | Orc:1    | Reached skill level 1 in Translocations
 27171 | Orc:1    | Found a roughly hewn altar of Beogh.
 27189 | Orc:1    | You fall into a shaft and drop 1 floor!
 27189 | Orc:2    | Entered Level 2 of the Orcish Mines
 27300 | Orc:1    | Received a gift from Okawaru
 27300 | Orc:1    | Reached skill level 10 in Dodging
 27804 | Orc:2    | Found a staircase to the Elven Halls.
 27918 | Orc:2    | Received a gift from Okawaru
 28047 | Orc:2    | Learned a level 2 spell: Blink
 28051 | Orc:2    | Learned a level 3 spell: Portal Projectile
 28055 | Orc:2    | Learned a level 3 spell: Dazzling Flash
 28145 | Orc:2    | Found Giurhi's Antique Weapon Shoppe.
 28354 | Orc:2    | Found a roughly hewn altar of Beogh.
 28366 | Orc:2    | Received a gift from Okawaru
 28429 | Orc:2    | Found Vobuguru's Antique Weapon Shoppe.
 28431 | Orc:2    | Found Kuriept's Distillery.
 28446 | Orc:2    | Bought a faintly glowing rapier for 333 gold pieces
 28446 | Orc:2    | Identified the +7 rapier "Mishrioz" {flame, Dex+2 Stlth+}
                  | (You bought it in a shop on level 2 of the Orcish Mines)
 28540 | Orc:2    | Found a burning altar of Makhleb.
 28711 | Orc:2    | Found Niup's Book Shop.
 29794 | D:15     | Reached XP level 16. HP: 101/101 MP: 27/27
 29944 | D:15     | Found a staircase to the Depths.
 30314 | Lair:6   | Entered Level 6 of the Lair of Beasts
 31371 | Lair:6   | Received a gift from Okawaru
 32172 | Lair:6   | Got a pair of polished gloves
 32183 | Lair:6   | Identified the +1 pair of gloves of Zaluev {MR- Dex+7} (You
                  | found it on level 6 of the Lair of Beasts)
 32299 | Lair:6   | Found a runed translucent door.
 32300 | Lair:6   | Found a viscous altar of Jiyva.
 32301 | Lair:6   | Noticed an acid blob
 32302 | Lair:6   | Found a staircase to the Slime Pits.
 32302 | Lair:6   | Noticed an acid blob
 32477 | Lair:6   | Splashed by an acid blob's acid

Illustrated notes

Levels and vault maps discovered:
D:1:      moated_graveyard_arrival, layout_basic
D:2:      layout_loops_ring, nemelex_diamond_rough_becter
D:3:      layout_loops_corners, gammafunk_ghost_gnarly_gnolls, minivault_11
D:4:      layout_basic, yredelemnul_altar_generic,
          nicolae_overflow_hidden_temple
D:5:      layout_cave_pools, lemuel_crystal_altar, minmay_temple_entry_mist,
          st_stairs_5, kennysheep_generic_room_6, uniq_grinder
D:6:      layout_gridville, nicolae_gozag_cash_rules_everything_around_me,
          serial_shops, nicolae_shop_crystal, gammafunk_ghost_mausoleum,
          minmay_mini_ossuary, uniq_eustachio
D:7:      layout_loops_ring
D:8:      layout_loops_ring, ebering_ghost_rock_garden, roderic_batcave,
          columned_hall_lemuel, jmf_multi_god_temple2, uniq_psyche
D:9:      layout_gridville, serial_shops, nicolae_shop_crystal,
          serial_park_tiny_1
D:10:     layout_small_grid, serial_shops, kennysheep_little_box, shop,
          kennysheep_generic_room_12
D:11:     layout_loops_corners, lair_entry_dummy, zombieorc1_lemuel,
          serial_shops, shop
D:12:     layout_loops_cross
D:13:     layout_roguey, zaba_antful_of_joy
D:14:     layout_basic, lightli_vaults_fourway_checkpoint, kb_rosetta,
          uniq_frances
D:15:     hangedman_depths_entry_try_elsewhere_first, layout_gridville,
          minmay_stone_trees_medium
Temple:   regret_index_temple_sphere_string
Lair:1:   layout_long_grid, serial_bayou_shore_a, infiniplex_staircase_pool_2,
          minmay_lair_oklob_chamber, uniq_joseph
Lair:2:   layout_cave_pods, swamp_mist, grunt_megastairs_2, lemuel_fruit_tree
Lair:3:   layout_chaotic_city, minmay_shoals_entry_hut,
          ebering_ghost_funeral_grove, chequers_serial_rivers_marsh,
          uniq_prince_ribbit2
Lair:4:   layout_regular_city, kilobyte_rumbling_trees
Lair:5:   layout_regular_city, gammafunk_ghost_split, lemuel_oklob_altar,
          lemuel_fruit_fields
Lair:6:   hangedman_lair_tendril_chambers, layout_regular_city, slime_altar_2,
          chequers_serial_rivers_room_b, st_stairs_11, lemuel_fruit_fields
Orc:1:    layout_caves, nicolae_orc_lost_temple
Orc:2:    st_orc_town, layout_diamond_mine, basic_altar

Skill      XL: |  1  2  3  4  5  6  7  8  9 10 11 12 13 14 15 16 |
---------------+-------------------------------------------------+-----
Short Blades   | 1 2 3 4 5 8 9 10 | 10.0
Stealth        | 2 3 5 7 8 10 12 14 15 16 18 | 18.7
Dodging        | 3 4 5 8 10 12 | 12.0
Fighting       | 3 4 8 9 12 | 12.0
Crossbows      | 6 8 10 | 10.0
Invocations    | 2 4 5 8 |  8.7
Spellcasting   | 2 4 6 7 8 |  8.0
Hexes          | 2 5 6 7 9 |  9.2
Shields        | 1 5 |  5.6
Armour         | 2 4 |  4.0
Translocations | 3 4 |  4.0

Action                   |  1- 3 |  4- 6 |  7- 9 | 10-12 | 13-15 | 16-18 || total
-------------------------+-------+-------+-------+-------+-------+-------++-------
Melee: Short sword       |    64 |   164 |   231 |   412 |       |       ||   871
       Hand crossbow     |       |       |       |     3 |       |       ||     3
       Dagger            |       |       |       |       |   774 |   240 ||  1014
 Fire: Hand crossbow     |    11 |    40 |   136 |   289 |   523 |   117 ||  1116
 Cast: Confusing Touch   |       |       |       |     1 |    12 |     7 ||    20
       Dazzling Flash    |       |       |       |       |     1 |     6 ||     7
Invok: Heroism           |       |       |       |     1 |     4 |       ||     5
       Finesse           |       |       |       |       |     4 |       ||     4
Evoke: Wand              |       |       |       |     6 |     1 |       ||     7
       Phantom mirror    |       |       |       |       |     2 |       ||     2
       Condenser vane    |       |       |       |       |     1 |     1 ||     2
  Use: Potion            |       |     2 |       |     4 |     1 |     4 ||    11
       Scroll            |       |       |     6 |    12 |    19 |       ||    37
 Stab: Sleeping          |     7 |    24 |    15 |    65 |    96 |    12 ||   219
       Distracted        |       |       |     1 |     1 |     3 |     1 ||     6
       Confused          |       |       |       |     1 |    10 |     9 ||    20
       Invisible         |       |       |       |       |     2 |     6 ||     8
Armor: Leather armour    |     9 |    27 |    57 |    76 |       |       ||   169
       Troll leather arm |       |       |       |    11 |   122 |    33 ||   166
Dodge: Dodged            |    48 |   134 |   211 |   543 |   619 |   198 ||  1753
Block: Buckler           |       |       |       |       |   299 |   111 ||   410

Table legend: (Time is in decaauts)
 A = Elapsed time spent in this place.
 B = Non-inter-level travel time spent in this place.
 C = Inter-level travel time spent in this place.
 D = Time resting spent in this place.
 E = Time spent auto-exploring this place.
 F = Levels seen in this place.
 G = Mean time per level.
                   A        B        C        D        E       F      G
               +--------+--------+--------+--------+--------+-----+--------+
         Total |  30835 |  29264 |   1571 |   2605 |  20411 |  24 | 1284.8 |
       Dungeon |  21915 |  20817 |   1098 |   2340 |  14045 |  15 | 1461.0 |
        Temple |    198 |    171 |     27 |      0 |    165 |   1 |  198.0 |
          Lair |   6743 |   6425 |    318 |    161 |   5042 |   6 | 1123.8 |
  Orcish Mines |   1977 |   1849 |    128 |    104 |   1157 |   2 |  988.5 |
               +--------+--------+--------+--------+--------+-----+--------+

Top non-repeatable levels by time:
    D:11: 2958 daAuts
     D:8: 1857 daAuts
  Lair:6: 1838 daAuts
     D:3: 1806 daAuts
    D:12: 1764 daAuts
    D:14: 1744 daAuts
    D:13: 1652 daAuts
     D:6: 1401 daAuts
    D:10: 1397 daAuts
   Orc:2: 1374 daAuts
     D:9: 1261 daAuts
  Lair:5: 1195 daAuts
     D:2: 1170 daAuts
     D:4: 1168 daAuts
     D:1: 1137 daAuts
